 Dungeon Sprint DCSS version 0.31-a0-43-g46d131a48f (webtiles) character file.

Game seed: 3672814804674144551

253 rocky1 the Geomancer (level 6, -7/32 HPs)
             Began as a Gargoyle Earth Elementalist on May 20, 2023.
             Was a Believer of Sif Muna.
             Mangled by a flying skull (11 damage)
             ... in the Dungeon (Sprint VII: "The Pits").
             The game lasted 00:01:48 (709 turns).

rocky1 the Geomancer (Gargoyle Earth Elementalist)   Turns: 709, Time: 00:01:49

Health: -7/32      AC:  6    Str: 12    XL:     6   Next: 14%
Magic:  9/15       EV: 12    Int: 17    God:    Sif Muna [**....]
Gold:   0          SH:  0    Dex: 10    Spells: 16/17 levels left

rFire   . . .        k - +2 mace
rCold   . . .        (no shield)
rNeg    + . .        a - +0 robe
rPois   ∞            (no helmet)
rElec   +            (no cloak)
rCorr   .            (no gloves)
SInv    .            (no boots)
Will    .....        (no amulet)
Stlth   +++          (no ring)
HPRegen 0.25/turn    (no ring)
MPRegen 0.14/turn

%: no teleportation
@: no status effects
A: sickness immunity, AC +4, negative energy resistance 1, electricity
resistance, torment resistance 1, petrification resistance
a: Renounce Religion, Channel Magic


You were in the Dungeon.
You worshipped Sif Muna.
Sif Muna was pleased with you.
You visited 1 branch

Inventory:

Hand Weapons
 k - a +2 mace (weapon)
Armour
 a - a +0 robe (worn)
Scrolls
 g - a scroll of blinking
 i - 5 scrolls of amnesia
 j - a scroll of summoning
Potions
 b - 5 potions of magic
 c - a potion of curing
 d - a potion of heal wounds
 e - a potion of haste
 f - 3 potions of berserk rage
 h - 2 potions of invisibility


   Skills:
 + Level 4.0 Dodging
 + Level 5.9 Stealth
 * Level 6.2 Spellcasting
 + Level 3.7 Transmutations
 * Level 8.8 Earth Magic


You had 16 spell levels left.
You knew the following spells:

 Your Spells              Type           Power      Damage    Failure   Level
a - Sandblast             Erth           70%        2d15      1%          1

Your spell library contained the following spells:

 Spells                   Type           Power      Damage    Failure   Level
 Passwall                 Tmut/Erth      21%        N/A       1%          2
 Stone Arrow              Conj/Erth      40%        3d9       6%          3
 Petrify                  Tmut/Erth      26%        N/A       10%         4


Dungeon Overview and Level Annotations

Branches:
Dungeon (1/1)

Altars:
Ashenzari
Cheibriados
Dithmenos
Elyvilon
Fedhas
Gozag
Hepliaklqana
Kikubaaqudgha
Makhleb
Nemelex Xobeh
Okawaru
Qazlal
Ru
Sif Muna
Trog
Uskayaw
Vehumet
Wu Jian
Xom
Yredelemnul
Zin
The Shining One
Jiyva
Lugonu


Innate Abilities, Weirdness & Mutations

You are immune to sickness and miasma.
Your stone body is resilient. (AC +4)
You are immune to poison.
You resist negative energy. (rN+)
You are resistant to electric shocks. (rElec)
You are resistant to unholy torment.
You are immune to petrification.


Message History

Aim: a floating eye (asleep, 100% to hit)
The blast of sand hits the floating eye!
You kill the floating eye!
Sif Muna accepts your kill.
Your Dodging skill increases to level 4!
Your Spellcasting skill increases to level 6!
Your Earth Magic skill increases to level 8!
You have reached level 6!
A flying skull and a ball python come into view.
The flying skull gives a hideous shriek!
There is an open door here.
Okay, then.
Aiming: Sandblast (safe; 1% risk of failure)
Press: ? - help, Q - select action, (/) - cycle Shift-Dir - straight line, f - flying skull
Aim: a flying skull (69% to hit)
The blast of sand hits the flying skull!
The flying skull is heavily damaged.
The flying skull hits you but does no damage.
The flying skull hits you.
Aiming: Sandblast (safe; 1% risk of failure)
Press: ? - help, Q - select action, (/) - cycle Shift-Dir - straight line, f/p - flying skull
Aim: a flying skull (moderately damaged, 69% to hit)
The blast of sand hits the flying skull!
The flying skull is severely damaged.
You hear an angry hiss.
The flying skull hits you. x2; The flying skull hits you!
Aiming: Sandblast (safe; 1% risk of failure)
Press: ? - help, Q - select action, (/) - cycle Shift-Dir - straight line, f/p - flying skull
Aim: a flying skull (severely damaged, 69% to hit)
The blast of sand hits the flying skull.
The flying skull is severely damaged.
The flying skull barely misses you. The flying skull hits you!
* * * LOW HITPOINT WARNING * * *
Aiming: Sandblast (safe; 1% risk of failure)
Press: ? - help, Q - select action, (/) - cycle Shift-Dir - straight line, f/p - flying skull
Aim: a flying skull (severely damaged, 69% to hit)
The blast of sand hits the flying skull but does no damage.
The flying skull is severely damaged.
The flying skull barely misses you. The flying skull hits you!
You die...

##########.##........
#..........)'........
#+#####'#####......#.
#..#))# #........
#..†..# ####'####
#..#### #.......#
#..#S.# #.......#
#..#z.# #.......#
##@#..#+###...<...#
#..zB....##.......#
#........##.......#
###########.......#
#########


You could see a flying skull and a giant cockroach.

Vanquished Creatures
  2 floating eyes (D)
  A scorpion (D)
  An orc (D)
  An endoplasm (D)
  2 kobolds (D)
7 creatures vanquished.

Notes
Turn   | Place    | Note
-------+----------+-------------------------------------------
     0 | D        | rocky1 the Gargoyle Earth Elementalist began the quest for
                  | the Orb.
     0 | D        | Reached XP level 1. HP: 10/10 MP: 3/3
    18 | D        | Reached skill level 4 in Earth Magic
    56 | D        | Found a bloodstained altar of Trog.
    56 | D        | Found a shimmering blue altar of Sif Muna.
    56 | D        | Found a viscous altar of Jiyva.
    56 | D        | Found a hazy altar of Hepliaklqana.
    56 | D        | Found an opulent altar of Gozag.
    81 | D        | Found a glowing golden altar of the Shining One.
    81 | D        | Found a glowing silver altar of Zin.
    81 | D        | Found a basalt altar of Yredelemnul.
    81 | D        | Found a shimmering altar of Xom.
    81 | D        | Found an ornate altar of the Wu Jian Council.
    81 | D        | Found a sacrificial altar of Ru.
    81 | D        | Found a stormy altar of Qazlal.
    81 | D        | Found an iron altar of Okawaru.
    81 | D        | Found a sparkling altar of Nemelex Xobeh.
    81 | D        | Found a burning altar of Makhleb.
    81 | D        | Found a blossoming altar of Fedhas.
    81 | D        | Found a white marble altar of Elyvilon.
    81 | D        | Found a shadowy altar of Dithmenos.
    81 | D        | Found a snail-covered altar of Cheibriados.
    84 | D        | Found a corrupted altar of Lugonu.
    84 | D        | Found a radiant altar of Vehumet.
    86 | D        | Found a broken altar of Ashenzari.
    86 | D        | Found an ancient bone altar of Kikubaaqudgha.
    86 | D        | Found a hide-covered altar of Uskayaw.
    88 | D        | Became a worshipper of Sif Muna the Loreminder
   103 | D        | Reached skill level 1 in Transmutations
   298 | D        | Noticed a floating eye
   298 | D        | Noticed a scorpion
   300 | D        | Killed a floating eye
   300 | D        | Reached * piety under Sif Muna
   301 | D        | Reached skill level 7 in Earth Magic
   301 | D        | Reached XP level 2. HP: 15/15 MP: 1/7
   301 | D        | Reached XP level 3. HP: 19/19 MP: 1/9
   301 | D        | Reached XP level 4. HP: 24/24 MP: 1/10
   561 | D        | Killed a scorpion
   562 | D        | Reached skill level 5 in Stealth
   562 | D        | Reached skill level 5 in Spellcasting
   562 | D        | Reached XP level 5. HP: 28/28 MP: 8/12
   701 | D        | Noticed a floating eye
   702 | D        | Killed a floating eye
   702 | D        | Reached ** piety under Sif Muna
   703 | D        | Reached skill level 8 in Earth Magic
   703 | D        | Reached XP level 6. HP: 32/32 MP: 12/15
   704 | D        | Noticed a flying skull
   709 | D        | Mangled by a flying skull

Illustrated notes

Levels and vault maps discovered:
D:        pitsprint [storerooms_1, entrance_room_1, metal_vault_2, armoury_1,
          mini_pit_1, grid_room_1, main_hall_1, silver_pit, the_coven_2,
          the_vestibule_1, steel_vault_2, golden_pit, hallway_of_sentries,
          crystal_vault_2, iron_vault_3, final_vault]

Skill      XL: |  1  2  3  4  5 |
---------------+----------------+-----
Earth Magic    | 7 8 |  8.8
Transmutations | 2 3 |  3.7
Dodging        | 3 4 |  4.0
Stealth        | 4 5 |  5.9
Spellcasting   | 4 5 6 |  6.2

Action                     |  1- 3 |  4- 6 || total
---------------------------+-------+-------++-------
  Melee: Mace              |     4 |       ||     4
         Unarmed           |     2 |       ||     2
   Cast: Sandblast         |     4 |     8 ||    12
 Armour: Robe              |     2 |     1 ||     3
  Dodge: Dodged            |     5 |     2 ||     7

Table legend: (Time is in decaauts)
 A = Elapsed time spent in this place.
 B = Non-inter-level travel time spent in this place.
 C = Inter-level travel time spent in this place.
 D = Time resting spent in this place.
 E = Time spent auto-exploring this place.
 F = Levels seen in this place.
 G = Mean time per level.
                   A        B        C        D        E       F      G
               +--------+--------+--------+--------+--------+-----+--------+
         Total |    715 |    715 |      0 |    609 |      0 |   1 |  715.0 |
       Dungeon |    715 |    715 |      0 |    609 |      0 |   1 |  715.0 |
               +--------+--------+--------+--------+--------+-----+--------+

Top non-repeatable levels by time:
       D: 715 daAuts
